 Dungeon Crawl Stone Soup version 0.26-a0-658-gbdda728c12 (webtiles) character file.

Game seed: 9571394869416747646

32908 droidtality the Severer (level 13, -5/124 HPs)
             Began as a Deep Dwarf Fighter on Oct 5, 2020.
             Was the Champion of Makhleb.
             Slain by Rupert
             ... wielding a +3 battleaxe of pain
              (23 damage)
             ... on level 15 of the Dungeon.
             The game lasted 00:19:10 (9140 turns).

droidtality the Severer (Deep Dwarf Fighter)        Turns: 9140, Time: 00:19:12

Health: -5/124     AC: 17    Str: 24    XL:     13   Next: 33%
Magic:  0/0        EV:  9    Int: 10    God:    Makhleb [******]
Gold:   525        SH: 14    Dex: 18    Spells: 12/12 levels left

rFire    . . .     SeeInvis .   a - +5 war axe
rCold    . . .     Faith    +   c - +0 kite shield
rNeg     . . .     Spirit   .   N - +0 plate armour
rPois    .         Reflect  .   A - +0 helmet
rElec    .         Harm     .   (no cloak)
rCorr    .         Rampage  .   (no gloves)
MR       ++...                  O - +0 pair of boots
Stlth    ..........             g - amulet of faith
HPRegen  0.00/turn              E - ring of protection from magic
MPRegen  0.07/turn              C - +6 ring of dexterity

@: about to teleport, non-regenerating, studying 2 skills
A: damage resistance, heal wounds, sense surroundings 2, no regeneration
a: Heal Wounds, Minor Destruction, Lesser Servant of Makhleb, Major Destruction,
Greater Servant of Makhleb, Renounce Religion


You were on level 15 of the Dungeon.
You worshipped Makhleb.
Makhleb was exalted by your worship.
You visited 1 branch of the dungeon, and saw 15 of its levels.
You also visited: Bailey.

You collected 720 gold pieces.
You spent 195 gold pieces at shops.

Inventory:

Hand Weapons
 a - a +5 war axe (weapon)
 B - a +2 morningstar of protection
Armour
 c - a +0 kite shield (worn)
 A - a +0 helmet (worn)
 N - a +0 plate armour (worn)
 O - a +0 pair of boots (worn)
Jewellery
 g - an amulet of faith (around neck)
 C - a +6 ring of dexterity (right hand)
 E - a ring of protection from magic (left hand)
Wands
 n - a wand of iceblast (20)
 o - a wand of random effects (13)
 q - a wand of acid (11)
 F - a wand of flame (12)
Scrolls
 b - 2 scrolls of silence {unknown}
 f - a scroll of brand weapon {unknown}
 h - 7 scrolls of teleportation
 k - 3 scrolls of amnesia
 p - 2 scrolls of enchant armour
 u - a scroll of fear
 v - 2 scrolls of remove curse
 w - a scroll of torment {unknown}
 x - 4 scrolls of immolation
 y - 2 scrolls of blinking {unknown}
 D - a scroll of acquirement {unknown}
 G - a scroll of fog {unknown}
 I - 3 scrolls of magic mapping
 K - a scroll of random uselessness {unknown}
 L - a scroll of vulnerability {unknown}
 M - 2 scrolls of noise {unknown}
Potions
 d - 6 potions of curing
 i - 5 potions of lignification
 j - 3 potions of stabbing
 l - 3 potions of degeneration
 s - a potion of brilliance
 t - a potion of flight
 z - 2 potions of cancellation
 H - 2 potions of magic
Books
 m - a manual of Shields
 r - a manual of Fighting


   Skills:
 + Level 10.5 Fighting
 * Level 17.1 Axes
 + Level 1.5(10.8) Maces & Flails
 + Level 9.9 Armour
 + Level 3.6 Dodging
 + Level 2.4 Stealth
 + Level 12.3 Shields


You had 12 spell levels left.
You didn't know any spells.
Your spell library contained the following spells:

 Spells                   Type           Power        Failure   Level
 Shock                    Conj/Air       #...         99%         1
 Swiftness                Air            #.......     100%        2
 Static Discharge         Conj/Air       #.......     100%        3
 Airstrike                Air            #.........   100%        4
 Lightning Bolt           Conj/Air       #.........   100%        5


Dungeon Overview and Level Annotations

Branches:
Dungeon (15/15)            Temple (0/1) D:4            Lair (0/6) D:11
    Orc (0/2) D:10         Bailey (visited)
 Vaults: D:13-14     Depths: D:15

Altars:
Ashenzari
Cheibriados
Fedhas
Gozag
Makhleb
Okawaru
Ru
Sif Muna
Uskayaw
Vehumet
Yredelemnul
The Shining One

Shops:
D:5 !   D:9 *

Annotations:
D:9 1 runed translucent door
D:12 Urug
D:15 Rupert


Innate Abilities, Weirdness & Mutations

You are resistant to damage.
You can heal yourself by infusing magical energy.
You passively map the area around you.
You do not regenerate.


Message History

You barely miss Rupert.
Rupert is severely wounded.
You hit the manticore.
Rupert hits you with a +3 battleaxe of pain!
* * * LOW HITPOINT WARNING * * *
You writhe in agony!
* * * LOW HITPOINT WARNING * * *
The manticore barely misses you. The manticore claws you.
* * * LOW HITPOINT WARNING * * *
You block the manticore's attack.
As you read the scroll of fear, it crumbles to dust.
You assume a fearsome visage.
The fire dragon looks frightened!
The manticore looks frightened!
You block Rupert's attack.
As you read the scroll of teleportation, it crumbles to dust.
You feel strangely unstable.
Rupert hits you with a +3 battleaxe of pain.
* * * LOW HITPOINT WARNING * * *
You writhe in agony.
Rupert hits you with a +3 battleaxe of pain!!
You die...

, * ,, ,, * * # *
,** * ,
#.#####+######## ,
, ,***
..............# **
*#D..........# ,,
,, , #...H.......#
, ,, ,
#...........# , ,
#####@†.†.......#
, ,,
,#....@..........#
,,
#...............#
#.............(.#
, ,,
#.....##'##.#####
. , #..?..##.# .#
. , #.....##.#*.#
* . , , *
#.....##.# ?. # *
* #.....##.####* *
# #.....#.....#


You could see Rupert (berserk), a fire dragon (fleeing) and a manticore
(fleeing).

Vanquished Creatures
  2 hydras (D:12)
  A rakshasa (D:14)
  A boulder beetle (D:15)
  2 centaur warriors
  A queen ant (D:10)
  A two-headed ogre (D:14)
  An unseen horror (D:11)
  An orc knight (Bailey)
  A deep elf mage (D:14)
  5 cyclopes
  9 ugly things
  Joseph (D:10)
  3 gargoyles
  3 kobold demonologists
  4 centaur skeletons
  A komodo dragon (D:12)
  A jumping spider (shapeshifter) (D:12)
  3 trolls
  A hornet (D:8)
  5 slime creatures
  3 wraiths
  A vampire (D:12)
  3 wyverns
  A basilisk (D:15)
  12 yaks
  A steam dragon (D:12)
  11 vampire mosquitoes
  7 water moccasins
  14 soldier ants
  11 orc warriors
  5 sky beasts
  4 black bears
  A hornet zombie (D:9)
  4 ice beasts
  5 ogres
  A centaur (shapeshifter) (D:12)
  A phantom (D:12)
  7 centaurs
  11 big kobolds
  9 bullfrogs
  3 wyvern skeletons
  A scorpion (D:12)
  A water moccasin skeleton (D:5)
  5 wights (D:6)
  2 howler monkeys (D:9)
  7 centaur zombies
  2 bullfrog zombies
  7 orc priests
  5 hounds
  3 jellies
  3 bullfrog skeletons
  Jessica (D:3)
  3 iguanas
  Ijyb (D:3)
  8 orc wizards
  45 worker ants
  A killer bee zombie (D:5)
  A worker ant zombie (D:6)
  4 gnolls (D:11)
  7 adders
  A shadow imp (D:7)
  4 white imps
  10 oozes
  3 worms
  An adder skeleton (D:7)
  2 dart slugs
  6 leopard geckos
  62 orcs
  6 bats
  6 giant cockroaches
  12 goblins
  10 hobgoblins
  10 jackals
  4 quokkas
  A ball python (D:1)
  2 frilled lizards (D:3)
  29 kobolds
  2 quokka skeletons
  8 rats
448 creatures vanquished.

Vanquished Creatures (others)
  A bat (D:3)
  36 fungi
  22 plants (D:11)
  8 toadstools (D:8)
67 creatures vanquished.

Grand Total: 515 creatures vanquished

Notes
Turn   | Place    | Note
-------+----------+-------------------------------------------
     0 | D:1      | droidtality the Deep Dwarf Fighter began the quest for the
                  | Orb.
     0 | D:1      | Reached XP level 1. HP: 20/20 MP: 1/1
   163 | D:1      | Reached XP level 2. HP: 25/27 MP: 2/2
   416 | D:2      | Reached XP level 3. HP: 27/33 MP: 3/3
   479 | D:2      | Reached skill level 3 in Axes
   720 | D:2      | Found a sacrificial altar of Ru.
   772 | D:2      | Found a faded altar of an unknown god.
   822 | D:2      | Reached XP level 4. HP: 33/42 MP: 4/4
  1090 | D:2      | Found a blossoming altar of Fedhas.
  1094 | D:2      | Found a glowing golden altar of the Shining One.
  1097 | D:2      | Found an iron altar of Okawaru.
  1366 | D:3      | Reached skill level 4 in Axes
  1393 | D:3      | Noticed Jessica
  1401 | D:3      | Killed Jessica
  1413 | D:3      | Noticed Ijyb
  1426 | D:3      | Killed Ijyb
  1426 | D:3      | Reached XP level 5. HP: 24/49 MP: 5/5
  1627 | D:3      | Found a radiant altar of Vehumet.
  1631 | D:3      | Reached skill level 5 in Axes
  1836 | D:3      | Found an opulent altar of Gozag.
  1836 | D:3      | Found a burning altar of Makhleb.
  1861 | D:3      | Became a worshipper of Makhleb the Destroyer
  2001 | D:4      | Reached skill level 1 in Dodging
  2021 | D:4      | Reached XP level 6. HP: 39/56 MP: 6/6
  2057 | D:4      | Reached skill level 6 in Axes
  2251 | D:4      | Found a staircase to the Ecumenical Temple.
  2515 | D:5      | Entered Level 5 of the Dungeon
  2526 | D:5      | Reached XP level 7. HP: 45/62 MP: 5/5
  2549 | D:5      | Found an iron altar of Okawaru.
  2580 | D:5      | Found a snail-covered altar of Cheibriados.
  2674 | D:5      | Reached skill level 7 in Axes
  2801 | D:5      | Reached * piety under Makhleb
  2881 | D:5      | Found Sotysaarch's Distillery.
  2890 | D:5      | Bought a potion of haste for 130 gold pieces
  2890 | D:5      | Bought a potion of heal wounds for 65 gold pieces
  2953 | D:5      | Found a shimmering blue altar of Sif Muna.
  3015 | D:6      | Reached skill level 5 in Armour
  3039 | D:6      | Reached XP level 8. HP: 39/72 MP: 5/5
  3111 | D:6      | Reached skill level 8 in Axes
  3152 | D:6      | Reached skill level 5 in Shields
  3179 | D:6      | Found a hide-covered altar of Uskayaw.
  3574 | D:7      | Reached skill level 9 in Axes
  3649 | D:7      | Reached ** piety under Makhleb
  3665 | D:7      | Gained mutation: You passively map the area around you.
                  | [Deep Dwarf growth]
  3665 | D:7      | Reached XP level 9. HP: 47/79 MP: 5/5
  3844 | D:7      | Reached skill level 10 in Axes
  3906 | D:7      | Found a basalt altar of Yredelemnul.
  3989 | D:8      | Paralysed by a hornet for 2 turns
  3996 | D:8      | Paralysed by a hornet for 2 turns
  4001 | D:8      | Paralysed by a hornet for 2 turns
  4217 | D:8      | Found a broken altar of Ashenzari.
  4353 | D:8      | Reached skill level 11 in Axes
  4356 | D:8      | Reached skill level 5 in Fighting
  4428 | D:8      | Noticed a lindwurm
  4651 | D:9      | Found Umiocsui's Assorted Antiques.
  4756 | D:9      | Reached *** piety under Makhleb
  4784 | D:9      | Reached XP level 10. HP: 57/88 MP: 5/5
  4870 | D:9      | Found an opulent altar of Gozag.
  4931 | D:9      | Found a runed translucent door.
  5279 | D:10     | Entered Level 10 of the Dungeon
  5319 | D:10     | Reached skill level 12 in Axes
  5416 | D:10     | Found a staircase to the Orcish Mines.
  5476 | D:10     | Noticed Joseph
  5488 | D:10     | Killed Joseph
  5606 | D:10     | Noticed a queen ant
  5644 | D:10     | Killed a queen ant
  5651 | D:10     | Reached skill level 13 in Axes
  5692 | D:10     | Reached **** piety under Makhleb
  5797 | D:10     | Reached XP level 11. HP: 71/97 MP: 4/4
  5958 | D:10     | Found an opulent altar of Gozag.
  6164 | D:11     | Reached ***** piety under Makhleb
  6167 | D:11     | Reached skill level 14 in Axes
  6236 | D:11     | Killed an unseen horror
  6262 | D:11     | Found a staircase to the Lair.
  6461 | D:11     | Found a flagged portal.
  6471 | Bailey   | Entered a bailey
  6651 | Bailey   | Found a roughly hewn altar of Beogh.
  6651 | Bailey   | Noticed an orc knight
  6700 | Bailey   | Killed an orc knight
  6924 | D:11     | Reached skill level 15 in Axes
  7058 | D:11     | Noticed a green ugly thing
  7070 | D:11     | Killed a green ugly thing
  7270 | D:12     | Noticed a four-headed hydra
  7290 | D:12     | Killed a six-headed hydra
  7305 | D:12     | Reached XP level 12. HP: 57/109 MP: 1/1
  7369 | D:12     | Reached ****** piety under Makhleb
  7369 | D:12     | Reached skill level 1 in Maces & Flails
  7413 | D:12     | Noticed a centaur warrior
  7413 | D:12     | Noticed a five-headed hydra
  7429 | D:12     | Killed a six-headed hydra
  7444 | D:12     | Killed a centaur warrior
  7473 | D:12     | Reached skill level 10 in Shields
  7501 | D:12     | Noticed a catoblepas
  7595 | D:12     | Reached skill level 16 in Axes
  7622 | D:12     | HP: 4/112 [purple ugly thing (12)]
  7659 | D:12     | Noticed a two-headed ogre
  7676 | D:12     | Noticed Urug
  7680 | D:12     | HP: 3/112 [Urug/silver javelin (3)]
  7973 | D:13     | Noticed a catoblepas
  8150 | D:14     | Reached skill level 1 in Stealth
  8499 | D:14     | Noticed a two-headed ogre
  8507 | D:14     | Killed a two-headed ogre
  8507 | D:14     | Reached XP level 13. HP: 95/122 MP: 1/1
  8887 | D:15     | Entered Level 15 of the Dungeon
  8897 | D:15     | Reached skill level 10 in Fighting
  9024 | D:15     | Reached skill level 17 in Axes
  9121 | D:15     | Noticed Rupert
  9130 | D:15     | Noticed a fire dragon
  9140 | D:15     | Slain by Rupert

Illustrated notes

Levels and vault maps discovered:
D:1:      dpeg_arrival_pond, layout_basic
D:2:      layout_loops_ring, nicolae_ru_the_path_less_chosen,
          grunt_temple_overflow_diamond, chequers_ecumenical_altar_simple_redux,
          eino_tiny_chamber
D:3:      layout_basic, fiery_altar_vehumet, gammafunk_temple_overflow_wave,
          kennysheep_cross_bottleneck, uniq_jessica, uniq_ijyb
D:4:      layout_gridville, minmay_temple_entry_tees
D:5:      layout_rooms, overflow_temple_1_default, marbit_many_paths,
          basic_altar, serial_shops, shop_statue, grunt_tough_drop
D:6:      layout_cave_pools, nicolae_overflow_crystal_walls, minivault_23
D:7:      layout_rooms, kennysheep_mini
D:8:      cheibrodos_fertilizer, layout_basic, ashenzari_altar_1,
          lemuel_coloured_pillars_altar, minmay_lindwurm_lava
D:9:      layout_loops_ring, basic_altar, serial_shops, nicolae_shop_stone,
          minmay_st_funbox, minivault_5
D:10:     layout_roguey, david_orc_2, basic_altar, serial_curves,
          eino_curves_02, eino_curves_01, zaba_anthell, uniq_joseph
D:11:     layout_irregular_city, due_lair_maze_entry_diamond, enter_bailey_3,
          chequers_jeans
D:12:     minmay_complete_graph, layout_basic, minmay_crystal_water, uniq_urug
D:13:     layout_basic, grunt_vaults_entry_tiered
D:14:     layout_roguey
D:15:     grunt_enter_depths_hoard, layout_basic, serial_park_square2,
          nrook_uturn, uniq_rupert

Skill      XL: |  1  2  3  4  5  6  7  8  9 10 11 12 13 |
---------------+----------------------------------------+-----
Axes           | 3 4 5 6 7 9 11 13 15 16 17 | 17.1
Fighting       | 3 4 5 6 7 9 10 | 10.5
Armour         | 4 5 6 7 8 9 |  9.9
Shields        | 4 5 6 7 9 11 12 | 12.3
Dodging        | 1 2 3 |  3.6
Maces & Flails | 1 |  1.5
Stealth        | 1 2 |  2.4

Action                   |  1- 3 |  4- 6 |  7- 9 | 10-12 | 13-15 || total
-------------------------+-------+-------+-------+-------+-------++-------
Melee: War axe           |   122 |   154 |   389 |  1097 |   155 ||  1917
       Morningstar       |       |       |       |    22 |       ||    22
 Abil: Heal Wounds       |       |     5 |    21 |    18 |     4 ||    48
  Use: Scroll            |       |       |     8 |    12 |     7 ||    27
       Potion            |       |       |       |    14 |       ||    14
 Stab: Invisible         |       |       |       |     5 |       ||     5
       Petrifying        |       |       |       |     1 |       ||     1
       Petrified         |       |       |       |     1 |       ||     1
Armor: Scale mail        |    59 |    63 |   154 |     4 |       ||   280
       Plate armour      |       |       |       |   551 |    34 ||   585
Dodge: Dodged            |    45 |    58 |   165 |   266 |    37 ||   571
Block: Kite shield       |    69 |    62 |   237 |   732 |    67 ||  1167

Table legend: (Time is in decaauts)
 A = Elapsed time spent in this place.
 B = Non-inter-level travel time spent in this place.
 C = Inter-level travel time spent in this place.
 D = Time resting spent in this place.
 E = Time spent auto-exploring this place.
 F = Levels seen in this place.
 G = Mean time per level.
                   A        B        C        D        E       F      G
               +--------+--------+--------+--------+--------+-----+--------+
         Total |   9036 |   8324 |    712 |      0 |   5281 |  16 |  564.8 |
       Dungeon |   8838 |   8126 |    712 |      0 |   5281 |  15 |  589.2 |
        Bailey |    197 |    197 |      0 |      0 |      0 |   1 |  197.0 |
               +--------+--------+--------+--------+--------+-----+--------+

Top non-repeatable levels by time:
     D:2: 899 daAuts
    D:11: 875 daAuts
     D:9: 805 daAuts
    D:10: 783 daAuts
    D:14: 761 daAuts
     D:3: 686 daAuts
     D:4: 593 daAuts
     D:6: 528 daAuts
     D:8: 517 daAuts
     D:5: 505 daAuts
     D:7: 461 daAuts
     D:1: 438 daAuts
    D:12: 388 daAuts
    D:13: 373 daAuts
    D:15: 221 daAuts
